 Dungeon Crawl Stone Soup version 0.21-a0-516-gaaff437 (webtiles) character file.

27 4thArraOfDagon the Skirmisher (level 2, 0/27 HPs)
             Began as a Minotaur Abyssal Knight on Dec 3, 2017.
             Was a Follower of Lugonu.
             Slain by a leopard gecko (4 damage)
             ... on level 1 of the Dungeon.
             The game lasted 00:01:54 (360 turns).

4thArraOfDagon the Skirmisher (MiAK)                 Turns: 360, Time: 00:01:55

Health: 0/27       AC:  3    Str: 16    XL:     2   Next: 93%
Magic:  2/2        EV: 11    Int:  9    God:    Lugonu [*.....]
Gold:   40         SH:  0    Dex:  9    Spells: 1/1 levels left

rFire    . . .     SeeInvis .   a - +1 hand axe
rCold    . . .     Gourm    .   (no shield)
rNeg     . . .     Faith    .   b - +0 leather armour
rPois    .         Spirit   .   (helmet restricted)
rElec    .         Reflect  .   (no cloak)
rCorr    .         Harm     .   (no gloves)
MR       .....                  (no boots)
Stlth    +.........             (no amulet)
HPRegen  0.09/turn              (no ring)
MPRegen  0.08/turn              (no ring)

@: no status effects
A: retaliatory headbutt, horns 2
a: Depart the Abyss, Renounce Religion


You were on level 1 of the Dungeon.
You worshipped Lugonu.
Lugonu was aware of your devotion.
You were not hungry.

You visited 1 branch of the dungeon, and saw 1 of its levels.
You visited the Abyss 1 time.

You collected 40 gold pieces.

Inventory:

Hand Weapons
 a - a +1 hand axe (weapon)
Armour
 b - a +0 leather armour (worn)
Scrolls
 d - a scroll of identify {unknown}
 e - 3 scrolls of enchant armour {unknown}
Comestibles
 c - a bread ration


   Skills:
 + Level 3.9 Fighting
 * Level 3.2 Axes
 + Level 2.8 Armour
 + Level 1.5 Dodging
 + Level 2.0 Invocations


You had one spell level left.
You didn't know any spells.

Dungeon Overview and Level Annotations

Branches:
Dungeon (1/15)

Altars:


Innate Abilities, Weirdness & Mutations

You reflexively headbutt those who attack you in melee.
You have a pair of horns on your head.


Message History

The goblin barely misses you. You furiously retaliate!
You headbutt the goblin.
You kill the goblin!
Lugonu accepts your kill.
Save game and exit?
Welcome back, 4thArraOfDagon the Minotaur Abyssal Knight.
Lugonu says: Spread carnage and corruption!
Press ? for a list of commands and other information.
Unknown command.
You see here a leopard gecko corpse.
You see here a frilled lizard corpse.
Found a bread ration.
Found 5 gold pieces.
You now have 40 gold pieces (gained 5).
Found 14 gold pieces.
A leopard gecko comes into view.
The leopard gecko hisses angrily.
The leopard gecko moves out of view.
You hit the leopard gecko but do no damage.
Your headbutt misses the leopard gecko. The leopard gecko bites you.
You die...

#....................
#####.....#....#####.
#.##.##......# #
#.##.....#.#+###+
#.##.#.#.#.......
#.##.#...#.......
#..........#.##.#
####..#.........##.†
#..@..#.########.>##
##l...# #.% # #.....#
..##.. ....$..# ##.
.# ........# . .
.....###### # # .....
####.


You could see a leopard gecko.

Vanquished Creatures
  2 oozes (D:1)
  2 leopard geckos (D:1)
  4 goblins (D:1)
  A hobgoblin (D:1)
  2 bats (D:1)
  A frilled lizard (D:1)
  2 kobolds (D:1)
  3 rats (D:1)
17 creatures vanquished.

Notes
Turn   | Place    | Note
-------+----------+-------------------------------------------
     0 | Abyss:1  | 4thArraOfDagon the Minotaur Abyssal Knight began the quest for the Orb.
     0 | Abyss:1  | Reached XP level 1. HP: 19/19 MP: 1/1
    61 | Abyss:1  | Noticed a small abomination
    65 | Abyss:1  | Noticed an ancient zyme
    78 | Abyss:1  | Noticed a small abomination
    83 | Abyss:1  | Noticed an ancient zyme
   109 | Abyss:1  | Noticed an ancient zyme
   114 | D:1      | Escaped the Abyss
   218 | D:1      | Reached * piety under Lugonu
   231 | D:1      | Reached XP level 2. HP: 19/27 MP: 2/2
   285 | D:1      | HP: 1/27 [ooze (2)]
   360 | D:1      | Slain by a leopard gecko

Vault maps used:
D:1:      wheals_arrival_linesprint, palyth_stone_intersect, st_stairs_7

Skill      XL: |  1  2 |
---------------+-------+-----
Invocations    | 2 |  2.0
Axes           | 3 |  3.2
Fighting       | |  3.9
Armour         | |  2.8
Dodging        | |  1.5

Action                   || total
-------------------------++-------
Melee: Hand axe          ||    32
       Headbutt          ||     3
Invok: Depart the Abyss  ||     1
Armor: Leather armour    ||     4
Dodge: Dodged            ||    10

Table legend:
 A = Spawn XP
 B = Non-spawn XP
 C = Spawn XP percentage of total XP
 D = Spawn monster count
 E = Non-spawn monster count
 F = Spawn count percentage of total count
 G = Total turns spent on level
                    A         B        C        D         E        F      G
               +---------+---------+-------+---------+---------+-------+---------
         Total |       0 |      39 |   0.0 |       0 |      17 |   0.0 |   360
               +---------+---------+-------+---------+---------+-------+---------
           D:1 |       0 |      39 |   0.0 |       0 |      17 |   0.0 |   246
               +---------+---------+-------+---------+---------+-------+---------
